[Event "Team 45 45 League T29"]
[Site "Free Internet Chess Server"]
[Date "2006.01.28"]
[Round "6"]
[White "Pawns"]
[Black "noHz"]
[Result "1-0"]
[WhiteElo "1926"]
[BlackElo "1900"]
[TimeControl "2700+45"]

1. e4 c6 2. d4 d5 3. e5 Bf5 4. Nc3 e6 5. g4 Bg6 6. Nge2 h6 7. Be3 Qa5 8. Bg2 c5 9. Bd2 Qc7 10. f4 Nc6 11. Be3 cxd4 12. Nxd4 Bb4 13. Nb5 Qa5 14. O-O O-O-O 15. f5 Bxc3 16. Nxc3 d4 17. Bxc6 dxe3 18. Qf3 Bh7 19. Bxb7+ Kb8 20. fxe6 fxe6 21. Rad1 Ne7 22. Be4 Bxe4 23. Qxe4 Qb6 24. Kh1 h5 25. Rxd8+ Rxd8 26. Rd1 Rxd1+ 27. Nxd1 Nd5 28. a4 hxg4 29. Qd3 Qb4 30. Nxe3 Qe1+ 31. Nf1 Nf4 32. Qd6+ Ka8 33. Qf8+   {Black resigns} 1-0

[Event "Team 45 45 League T29"]
[Site "Free Internet Chess Server"]
[Date "2006.01.30"]
[Round "6"]
[White "jestrada"]
[Black "TGV"]
[Result "1/2-1/2"]
[WhiteElo "1830"]
[BlackElo "1761"]
[TimeControl "2700+45"]

1. e4 e6 2. d4 d5 3. Nc3 Bb4 4. exd5 Bxc3+ 5. bxc3 Qxd5 6. Nf3 Nf6 7. Ba3 Nbd7 8. Qd2 b6 9. c4 Qe4+ 10. Be2 Qg4 11. O-O Bb7 12. d5 O-O-O 13. Ne5 Qe4 14. Nxf7 exd5 15. cxd5 Bxd5 16. Bf3 Qe6 17. Bxd5 Nxd5 18. Nxd8 Rxd8 19. Rfe1 Qf5 20. Rad1 Ne5 21. Rxe5 Qxe5 22. c4 Qc3 23. Bb2 Qxd2 24. Rxd2 Nf6 25. Rxd8+ Kxd8 26. f3 Kd7 27. Kf2 Kd6 28. Ke3 Kc5 29. Kd3 Kb4 30. g4 c6 31. a3+ Kb3 32. Bc1 b5 33. cxb5 cxb5 34. Kd4 a5 35. Kc5 b4 36. axb4 axb4 37. Bd2 Kc2 38. Bxb4 Kd3 39. Kd6 Ke3 40. Ke6 Kxf3 41. g5 Ne4 42. h4 Kg4 43. Be1 Nxg5+ 44. hxg5 Kxg5 45. Kf7 g6 46. Kg7 h5 47. Bf2 Kf5 48. Kh6 Kf6 49. Bh4+ Kf5   {Game drawn by mutual agreement} 1/2-1/2

[Event "Team 45 45 League T29"]
[Site "Free Internet Chess Server"]
[Date "2006.01.26"]
[Round "6"]
[White "MGoo"]
[Black "zcomcon"]
[Result "1/2-1/2"]
[WhiteElo "1818"]
[BlackElo "1670"]
[TimeControl "2700+45"]

1. d4 Nf6 2. c4 g6 3. Nc3 Bg7 4. e4 d6 5. Be2 O-O 6. Bg5 Nbd7 7. Qd2 c5 8. d5 a6 9. Nf3 Ne5 10. O-O Nxf3+ 11. Bxf3 Bd7 12. a4 Rb8 13. Be2 Re8 14. h4 h5 15. Kh1 Kh7 16. f4 Bg4 17. e5 Bxe2 18. Nxe2 Ng4 19. exd6 Qxd6 20. g3 e6 21. f5 exd5 22. fxg6+ fxg6 23. Bf4 Be5 24. Qxd5 Bxf4 25. Nxf4 Qxd5+ 26. Nxd5   {Game drawn by mutual agreement} 1/2-1/2

[Event "Team 45 45 League T29"]
[Site "Free Internet Chess Server"]
[Date "2006.01.29"]
[Round "6"]
[White "fernbap"]
[Black "Galleta"]
[Result "1-0"]
[WhiteElo "1764"]
[BlackElo "1591"]
[TimeControl "2700+45"]

1. e4 d5 2. exd5 Qxd5 3. Nc3 Qa5 4. d4 Nf6 5. Bd2 Qb6 6. Nf3 Qxb2 7. Rb1 Qa3 8. Nb5 Qxa2 9. Nxc7+ Kd7 10. Nxa8 Nc6 11. Bb5 Qd5 12. Bxc6+ bxc6 13. O-O Ba6 14. Ne5+ Kc8 15. Re1 Bb5 16. Bf4 Ne4 17. c4 Bxc4 18. Nxc4 Nc3 19. Rb8+ Kd7 20. Ne5+   {Black resigns} 1-0

[Event "Team 45 45 League T29"]
[Site "Free Internet Chess Server"]
[Date "2006.01.28"]
[Round "6"]
[White "dzonson"]
[Black "fismoluni"]
[Result "1-0"]
[WhiteElo "1832"]
[BlackElo "1704"]
[TimeControl "2700+45"]

1. d4 d5 2. c4 e6 3. Nc3 Nf6 4. Bg5 Be7 5. e3 c6 6. Nf3 Nbd7 7. Be2 O-O 8. Qc2 Re8 9. O-O h6 10. Bh4 Nf8 11. Bd3 b6 12. Ne5 Bb7 13. Ne2 Rc8 14. b3 Qc7 15. Kh1 Bd6 16. Bxf6 gxf6 17. Ng4 Kg7 18. f4 h5 19. Nf2 c5 20. Ng3 Kh6 21. Qe2 cxd4 22. Qxh5+ Kg7 23. Ng4 Be7 24. Qh6+ Kg8 25. Nh5 dxe3 26. Qg7#   {Black checkmated} 1-0

[Event "Team 45 45 League T29"]
[Site "Free Internet Chess Server"]
[Date "2006.01.28"]
[Round "6"]
[White "FusterCluck"]
[Black "twotowers"]
[Result "0-1"]
[WhiteElo "1689"]
[BlackElo "1642"]
[TimeControl "2700+45"]

1. d4 Nf6 2. Nf3 g6 3. Nc3 Bg7 4. e4 d6 5. Be3 Nbd7 6. Qd2 Ng4 7. Bf4 e5 8. dxe5 dxe5 9. Bg3 O-O 10. O-O-O Bh6   {White resigns} 0-1

[Event "Team 45 45 League T29"]
[Site "Free Internet Chess Server"]
[Date "2006.01.27"]
[Round "6"]
[White "RFFISCHER"]
[Black "DreadPirateJosh"]
[Result "1-0"]
[WhiteElo "1582"]
[BlackElo "1691"]
[TimeControl "2700+45"]

1. d4 Nf6 2. Bg5 g6 3. Bxf6 exf6 4. Nf3 Bg7 5. e3 O-O 6. Bd3 f5 7. Nbd2 d6 8. h3 Re8 9. c3 b6 10. Qc2 Bb7 11. O-O-O a5 12. g4 fxg4 13. hxg4 Ba6 14. Nc4 Bb7 15. Rh3 Qc8 16. Rg1 c5 17. Nxd6 Qd7 18. Nxb7 Qxb7 19. Ng5 h6 20. Bxg6 fxg6 21. Qb3+ Kf8 22. Rf3+ Qxf3 23. Nxf3 cxd4 24. cxd4 Nd7 25. g5 h5 26. Nh4 Rac8+ 27. Kb1 Rc6 28. Rg3 Bxd4 29. Rf3+ Kg7 30. Qf7+   {Black resigns} 1-0